AoeStats
← jmplante19

Arena

508570280Analyzed
2v2 RM · 9d ago on Sep 23, 2026· 47m 48s· 4 players
Game mode
Random Map
Map size
Medium (4 player)
Population
200
Speed
Normal
Resources
Standard
Victory
Conquest
Starting age
Dark Age
Ending age
Imperial Age
RankedLock teamsTeams togetherTeam positionsShared explorationLock speedFull tech treeHidden civsTurbo modeCheats
Victory
Defeat
🇨🇦 Britons · Canada
714
+14
🇨🇦 Vietnamese · Canada
695
+14
🇺🇸 Japanese · United States
689
-32
🇺🇸 Britons · United States
641
-29
FountainDrnx
10:35 Feudal Age
13:46 Wheelbarrow
14:11 Double-Bit Axe
20:01 Horse Collar
22:41 Castle Age
22:53 Horse Collar
23:36 Forging
24:33 Bow Saw
26:42 Heavy Plow
28:19 Gold Mining
30:24 Scale Mail Armor
31:08 Ballistics
31:13 Murder Holes
36:10 Imperial Age
36:39 Squires
36:27 Arson
36:19 Elite Samurai
40:42 Kataparuto
40:49 Conscription
40:56 Hand Cart
citizen4or
10:36 Feudal Age
11:07 Double-Bit Axe
11:04 Horse Collar
12:25 Wheelbarrow
19:54 Padded Archer Armor
23:38 Castle Age
24:56 Hand Cart
25:12 Leather Archer Armor
24:50 Fletching
27:03 Gold Mining
27:04 Stone Mining
27:29 Bow Saw
27:28 Heavy Plow
31:44 Bodkin Arrow
32:17 Stone Mining
34:28 Light Cavalry
36:07 Fortified Wall
36:30 Ballistics
43:10 Imperial Age
40:46 Murder Holes
43:50 Yeomen
jmplante19
14:22 Feudal Age
18:53 Castle Age
20:51 Double-Bit Axe
23:35 Horse Collar
26:23 Wheelbarrow
27:44 Hand Cart
27:15 Town Watch
29:28 Pikeman
30:10 Squires
32:47 Imperial Age
30:27 Thumb Ring
30:23 Padded Archer Armor
30:11 Elite Skirmisher
32:15 Leather Archer Armor
33:52 Heavy Plow
34:17 Paper Money
34:03 Chatras
34:44 Fortified Wall
35:40 Chemistry
35:05 Bow Saw
35:16 Fletching
35:02 Crossbowman
35:40 Gold Mining
36:17 Arbalester
37:32 Bombard Tower
39:01 Ring Archer Armor
38:28 Bodkin Arrow
39:20 Scale Barding Armor
39:17 Husbandry
40:25 Caravan
40:27 Imperial Skirmisher
41:19 Bloodlines
41:23 Forging
41:13 Scale Mail Armor
41:58 Elite Battle Elephant
43:49 Halberdier
45:02 Chain Barding Armor
45:20 Iron Casting
47:00 Arson
snippypannic
11:31 Feudal Age
12:06 Double-Bit Axe
13:29 Horse Collar
18:11 Castle Age
18:04 Loom
19:12 Stone Mining
21:03 Gold Mining
21:26 Bow Saw
24:04 Wheelbarrow
24:16 Gold Shaft Mining
26:18 Crossbowman
26:28 Elite Skirmisher
29:43 Heavy Plow
29:34 Town Watch
32:46 Imperial Age
31:40 Hand Cart
31:28 Town Patrol
32:39 Fletching
32:50 Padded Archer Armor
33:24 Fortified Wall
32:54 Treadmill Crane
33:07 Cranequins
34:22 Imperial Skirmisher
35:40 Murder Holes
36:01 Masonry
35:59 Caravan
37:10 Two-Man Saw
36:21 Elite Longbowman
39:08 Heavy Mounted Crossbowman
41:11 Warwolf
41:32 Conscription
42:37 Bodkin Arrow
42:58 Leather Archer Armor
42:54 Pikeman
46:38 Ring Archer Armor
46:09 Bracer
Connection lost

Rejoining the realm…

Still unreachable

The connection could not be restored.

Session expired

The server has moved on; the page needs a fresh start.